nht, chaotic female elven Wizard - ---.. --- ....- ...| ---.--- ..^---- |...------ ....<.. ---))@h>.. ...... |..----- ---- ---- nht the Conjurer Experience level: 5 Strength: 7 Dexterity: 17 Constitution: 12 Intelligence: 9 Wisdom: 8 Charisma: 12 Health: 0(36) Energy: 9(53) Def: 1 Gold: 224 Moves: 278 Dungeon seed: POG3KA9YL-4Qdwdd Game ID: nht_1430680341 Your Inventory: Coins $ - 224 gold pieces Amulets t - an uncursed amulet versus poison Weapons a - a blessed +1 quarterstaff (weapon in hands) C - 4 +2 crossbow bolts E - 13 +2 arrows Armor e - an uncursed +0 cloak of magic resistance (being worn) Scrolls j - an uncursed scroll of identify k - an uncursed scroll of food detection w - an uncursed scroll of enchant weapon D - a blessed scroll of enchant armor Spellbooks l - a blessed spellbook of force bolt m - a blessed spellbook of magic missile n - an uncursed spellbook of extra healing Potions f - a blessed potion of monster detection g - an uncursed potion of extra healing h - an uncursed potion of sleeping A - an uncursed potion of invisibility B - an uncursed potion of object detection Rings c - an uncursed +1 ring of gain constitution d - an uncursed ring of polymorph G - an uncursed ring of fire resistance Wands b - a wand of speed monster (0:5) Tools i - a blessed partly used tallow candle (lit) (0:107) o - a magic marker (0:74) p - an uncursed tooled horn u - a blessed tallow candle (0:200) v - an uncursed lock pick x - a +0 pick-axe y - a blessed wax candle (0:400) H - an uncursed tallow candle (0:200) Gems q - an uncursed worthless piece of violet glass r - an uncursed worthless piece of blue glass z - 3 uncursed worthless pieces of yellow glass N - an uncursed worthless piece of red glass Spells known in the end: Name Level Category Fail Memory a - force bolt 1 attack 14% 99% b - magic missile 2 attack 0% 99% c - extra healing 3 healing 100% 99% Your skills at the end: Fighting Skills Weapon Skills quarterstaff [Basic] Spellcasting Skills attack spells [Basic] enchantment spells [Basic] Final Attributes: You were piously aligned. You were sleep resistant. You were magic-protected. You had infravision. You were fast. You were lucky. You are dead. Vanquished creatures: 2 gnome lords 3 gnomish wizards a dwarf a hobbit a large kobold 11 gnomes a fox a grid bug 2 newts 23 creatures vanquished. Voluntary challenges: You followed a strict vegan diet. You were an atheist. You used a wielded weapon 34 times, starting on turn 32. You were illiterate. You never genocided any monsters. You never polymorphed an object. You never changed form. You used no wishes. You never split a pudding. You never wrote Elbereth's name. You never violated your personal moral code. Dungeon overview: The Dungeons of Doom: levels 1 to 3 Level 1 a long staircase Level 2 stairs to The Gnomish Mines Level 3 The Gnomish Mines: levels 3 to 5 Level 3 stairs to The Dungeons of Doom Level 4 <- You were here Level 5 History has recorded: On T:1 you entered the Dungeons of Doom to retrieve the Amulet of Yendor! On T:57 you reached level 2 of The Dungeons of Doom. On T:83 you reached level 3 of The Dungeons of Doom. On T:151 you reached level 1 of The Gnomish Mines. On T:181 you advanced to experience level 2. On T:190 you advanced to experience level 3. On T:205 you advanced to experience level 4. On T:232 you reached level 2 of The Gnomish Mines. On T:248 you reached level 3 of The Gnomish Mines. On T:258 you advanced to experience level 5. Score breakdown: Gold: 224 ( 8001 points) Experience: 5 levels (11141 points) Exploration: 5 levels ( 9.80%) ( 8485 points) Discoveries: 0 items ( 0.00%) ( 0 points) Valuables value: (no points given unless you survive) Artifact value: 0 ( 0 points) Variety of kills: 9 monsters ( 2.37%) ( 4622 points) Time penalty: 278 turns ( 0 points) Survival: died (score multiplied by 80%) Total score: 25799 Latest messages: You hit the mind flayer! The mind flayer concentrates. A wave of psychic energy pours over you! The mind flayer hits! The mind flayer's tentacles suck you! Your brain is eaten! You feel stupid! The mind flayer's tentacles suck you! You die... Final status: Goodbye nht the Wizard, killed by a mind flayer... You died in The Gnomish Mines on dungeon level 4 with 25799 points, and 224 pieces of gold, after 278 moves. You were level 5 with a maximum of 36 hit points when you died.